 Dungeon Crawl Stone Soup version 0.24.0-13-gcf9b3192b9 (webtiles) character file.

Game seed: 7959026294749523067, levelgen mode: deterministic

6521 Edwards80 the Grappler (level 10, -5/107 HPs)
             Began as a Troll Chaos Knight on Nov 9, 2019.
             Was a Plaything of Xom.
             Slain by a rust devil (7 damage)
             ... summoned by an orc sorcerer
             ... while paralysed by an orc sorcerer
             ... on level 1 of the Orcish Mines.
             The game lasted 00:34:03 (7926 turns).

Edwards80 the Grappler (Troll Chaos Knight)         Turns: 7926, Time: 00:34:03

Health: -5/107     AC:  5    Str: 25    XL:     10   Next: 69%
Magic:  9/9        EV:  1    Int:  8    God:    Xom [*.....]
Gold:   475        SH:  0    Dex: 11    Spells: 9/9 levels left

rFire    . . .     SeeInvis .     - Unarmed
rCold    . . .     Gourm    +   (no shield)
rNeg     . . .     Faith    .   p - +0 animal skin
rPois    .         Spirit   .   (helmet restricted)
rElec    .         Reflect  .   M - scarf {repulsion}
rCorr    .         Harm     .   (gloves unavailable)
MR       .....                  (boots unavailable)
Stlth    +.........             (no amulet)
HPRegen  0.67/turn              m - +1 ring of protection
MPRegen  0.11/turn              G - +4 ring of protection

@: paralysed, corroded, cleaving, repel missiles
A: large, unfitting armour, claws 3, hooves 1, iridescent scales 1, thin
skeletal structure 1, fast metabolism 3, gourmand, mutation resistance 1,
regeneration 1, robust 1, shaggy fur 1, tough skin 3
a: Renounce Religion


You were on level 1 of the Orcish Mines.
You worshipped Xom.
You were a special plaything of Xom.
You were very full.

You visited 2 branches of the dungeon, and saw 10 of its levels.

You collected 475 gold pieces.

Inventory:

Hand Weapons
 r - a +0 short sword of distortion
 I - a +3 antimagic spear
 L - a +2 spear of venom
Missiles
 f - 26 boomerangs (quivered)
Armour
 p - a +0 animal skin (worn)
 M - a scarf of repulsion (worn)
Magical Staves
 w - an uncursed staff of wizardry
Jewellery
 m - a +1 ring of protection (left claw)
 z - an uncursed ring of protection from cold
 C - an uncursed ring of positive energy
 G - a +4 ring of protection (right claw)
 K - a +3 ring of intelligence
Wands
 o - a wand of random effects (25)
 q - a wand of clouds (5)
 J - a wand of acid (9)
 P - a wand of flame (27)
Scrolls
 c - 4 scrolls of identify
 d - 8 scrolls of teleportation
 e - 2 scrolls of noise {unknown}
 g - 2 scrolls of enchant weapon
 h - 3 scrolls of remove curse
 k - a scroll of magic mapping {unknown}
 s - a scroll of blinking {unknown}
 u - a scroll of amnesia {unknown}
 y - 2 scrolls of fog
 D - a scroll of immolation {unknown}
 H - a scroll of brand weapon {unknown}
 N - a scroll of fear {unknown}
Potions
 a - a potion of mutation {unknown}
 i - 3 potions of agility
 j - 2 potions of berserk rage
 l - 2 potions of heal wounds
 n - 3 potions of ambrosia
 t - 4 potions of flight
 v - a potion of haste
 x - a potion of resistance {unknown}
 A - 3 potions of curing
 B - a potion of magic {unknown}
 E - 2 potions of cancellation
 F - a potion of might
Comestibles
 b - 21 rations
 O - 3 chunks of flesh


   Skills:
 + Level 5.9 Fighting
 - Level 1.9 Dodging
 + Level 14.5 Unarmed Combat
 - Level 0.1 Evocations


You had 9 spell levels left.
You didn't know any spells.
Your spell library was empty.

Dungeon Overview and Level Annotations

Branches:
Dungeon (9/15)             Temple (0/1) D:5             Orc (1/2) D:9
   Lair: D:8-11

Altars:
Dithmenos
Zin
Beogh


Innate Abilities, Weirdness & Mutations

You are too large for most types of armour.
You have claws for hands.
Your metabolism is lightning-fast.
You like to eat raw meat.
Your natural rate of healing is unusually fast.
You are covered in fur. (AC +1)
You have extremely tough skin. (AC +3)
You have large cloven feet.
You are partially covered in iridescent scales. (AC +2)
You have a somewhat thin skeletal structure. (Dex +2, Stealth)
You are somewhat resistant to further mutation.
You are robust. (+10% HP)


Message History

The orc sorcerer gestures wildly while chanting.
The orc warrior hits you but does no damage.
The orc wizard looks braver for a moment.
The orc hits you but does no damage. Xom grants you a minor favour.
Your claws look sharp.
The orc warrior misses you. "Forecast: mostly cloudy."
The rust devil barely misses you.
The orc sorcerer points at you and mumbles some strange words.
You suddenly lose the ability to move!
The rust devil hits you.
* * * LOW HITPOINT WARNING * * *
The rust devil corrodes you! The orc sorcerer casts a spell at you.
The bolt of fire hits you!!
* * * LOW HITPOINT WARNING * * *
The rust devil hits you. The rust devil corrodes you! The rust devil hits you!
You die...
Xom guffaws!

...#.......§§........##
##.#......§§§§..........
#...#......§§§§.[...#
#......#.#.#§§)<...##
#.#..##....#§[[...#
#...#.ooo.$.>...#.).#
#.#.To..............
#..T4.............#
#..@o#........^....#
#..................##
#.#...#..............
..........#..#...
....#.....#......
#.###....###.... #
....## ... ...### #.


You could see a rust devil, 2 trolls, an orc sorcerer, an orc warrior, an orc
priest, an orc wizard and an orc.

Vanquished Creatures
  A two-headed ogre (D:8)
  The ghost of Lanoc the Firebug, a novice DsFE (D:5)
  A hornet (D:8)
  A wyvern (D:8)
  Eustachio (D:5)
  4 ice beasts
  8 orc warriors
  2 phantoms
  A sky beast (D:8)
  2 black bears (D:8)
  5 ogres
  5 centaurs
  A big kobold (D:9)
  4 bullfrogs
  A gnoll sergeant (D:8)
  4 scorpions
  8 killer bees
  3 howler monkeys (D:8)
  8 crimson imps
  A bullfrog zombie (D:5)
  A quasit (D:5)
  5 hounds
  A jelly (D:7)
  8 orc priests
  7 orc wizards
  2 bullfrog skeletons
  Ijyb (D:4)
  Terence (D:2)
  3 iguanas
  7 worker ants
  2 hound zombies
  A hound skeleton (D:2)
  Robin (D:2)
  7 gnolls
  11 adders
  2 shadow imps (D:8)
  A white imp (D:6)
  2 oozes
  An adder zombie (D:9)
  2 adder skeletons
  3 worms
  2 dart slugs (D:1)
  2 leopard geckos
  47 orcs
  2 ball pythons
  11 bats
  6 giant cockroaches
  8 hobgoblins
  10 jackals
  5 quokkas
  5 frilled lizards
  A giant cockroach zombie (D:5)
  24 goblins
  A jackal skeleton (D:4)
  8 kobolds
  A leopard gecko skeleton (D:4)
  A quokka skeleton (D:4)
  7 rats
272 creatures vanquished.

Vanquished Creatures (others)
  A centaur (D:5)
1 creature vanquished.

Grand Total: 273 creatures vanquished

Notes
Turn   | Place    | Note
-------+----------+-------------------------------------------
     0 | D:1      | Edwards80 the Troll Chaos Knight began the quest for the
                  | Orb.
     0 | D:1      | Reached XP level 1. HP: 22/22 MP: 0/0
   152 | D:1      | XOM: mild Tloc miscast
   208 | D:1      | Reached XP level 2. HP: 29/29 MP: 1/1
   315 | D:1      | XOM: give mutations
   315 | D:1      | Gained mutation: You have large cloven feet. [Xom's grace]
   315 | D:1      | Gained mutation: You have a somewhat thin skeletal
                  | structure. (Dex +2, Stealth) [Xom's grace]
   315 | D:1      | Gained mutation: You possess an exceptional clarity of
                  | mind. [Xom's grace]
   315 | D:1      | Gained mutation: You are partially covered in iridescent
                  | scales. (AC +2) [Xom's grace]
   479 | D:1      | Reached skill level 4 in Unarmed Combat
   594 | D:1      | XOM is BORED!
   594 | D:1      | XOM: give mutation
   594 | D:1      | Lost mutation: You possess an exceptional clarity of mind.
                  | [Xom's mischief]
   864 | D:2      | Reached XP level 3. HP: 32/36 MP: 2/2
   973 | D:2      | Noticed Robin
   982 | D:2      | Killed Robin
   982 | D:2      | XOM: smoke on damage
   995 | D:2      | Reached XP level 4. HP: 28/44 MP: 3/3
  1065 | D:2      | XOM: give mutation
  1065 | D:2      | Gained mutation: You are somewhat resistant to further
                  | mutation. [Xom's grace]
  1077 | D:2      | XOM: 3-stop teleportation journey
  1081 | D:2      | Reached skill level 5 in Unarmed Combat
  1163 | D:2      | Noticed Terence
  1172 | D:2      | Killed Terence
  1219 | D:2      | Found a glowing silver altar of Zin.
  1581 | D:3      | Reached XP level 5. HP: 53/53 MP: 4/4
  1949 | D:3      | XOM: mild Ice miscast
  2053 | D:3      | XOM: enchant monster (bad)
  2063 | D:3      | XOM: confusion (+ monsters)
  2279 | D:4      | XOM: noise
  2355 | D:4      | Reached skill level 6 in Unarmed Combat
  2372 | D:4      | Gained mutation: You are robust. (+10% HP) [mutagenic glow]
  2389 | D:4      | Noticed a phantom
  2389 | D:4      | XOM: potion effect (agility)
  2408 | D:4      | Killed a phantom
  2408 | D:4      | Reached XP level 6. HP: 64/67 MP: 5/5
  2467 | D:4      | Reached skill level 7 in Unarmed Combat
  2570 | D:4      | XOM: mild Summ miscast
  2571 | D:4      | Noticed a spatial vortex
  2867 | D:4      | Noticed an ice beast
  2876 | D:4      | Killed an ice beast
  2876 | D:4      | Reached XP level 7. HP: 48/73 MP: 6/6
  2924 | D:4      | XOM: medium Pois miscast
  2937 | D:4      | XOM: divination: magic mapping
  2952 | D:4      | Noticed Ijyb
  2969 | D:4      | Killed Ijyb
  2969 | D:4      | Reached skill level 8 in Unarmed Combat
  3015 | D:4      | XOM: harmless Necr miscast
  3189 | D:5      | Entered Level 5 of the Dungeon
  3305 | D:5      | Noticed Eustachio
  3311 | D:5      | Killed Eustachio
  3311 | D:5      | Reached skill level 9 in Unarmed Combat
  3311 | D:5      | Reached XP level 8. HP: 69/82 MP: 7/7
  3339 | D:5      | Found a staircase to the Ecumenical Temple.
  3394 | D:5      | XOM: cast spell 'Olgreb's Toxic Radiance'
  3396 | D:5      | XOM: potion effect (heal wounds)
  3414 | D:5      | Reached skill level 10 in Unarmed Combat
  4001 | D:5      | Found a runed translucent door.
  4002 | D:5      | Noticed Lanoc's ghost (novice DsFE)
  4012 | D:5      | Killed Lanoc's ghost
  4136 | D:6      | XOM: potion effect (berserk rage)
  4140 | D:6      | Reached skill level 11 in Unarmed Combat
  4287 | D:6      | XOM: fog
  4348 | D:6      | XOM: enchant monster (bad)
  4430 | D:6      | Reached XP level 9. HP: 78/92 MP: 8/8
  4905 | D:6      | XOM: harmless Tloc miscast
  5003 | D:6      | XOM: medium Fire miscast
  5314 | D:7      | Reached skill level 12 in Unarmed Combat
  5633 | D:7      | XOM: enchant monster (bad)
  5985 | D:8      | XOM: potion effect (agility)
  6084 | D:8      | Reached skill level 13 in Unarmed Combat
  6101 | D:8      | XOM: silly message
  6157 | D:8      | Paralysed by a hornet for 2 turns
  6162 | D:8      | Reached XP level 10. HP: 46/103 MP: 9/9
  6248 | D:8      | XOM: cloud trail
  6309 | D:8      | XOM: mild Chrm miscast
  6437 | D:8      | Found a shadowy altar of Dithmenos.
  6441 | D:8      | Noticed a two-headed ogre
  6449 | D:8      | Killed a two-headed ogre
  6449 | D:8      | Reached skill level 14 in Unarmed Combat
  6869 | D:9      | Reached skill level 5 in Fighting
  6881 | D:9      | XOM: god gift: potion of flight
  7282 | D:9      | XOM: summons friendly ufetubus
  7303 | D:9      | XOM: harmless Summ miscast
  7306 | D:9      | XOM: confuse monster(s)
  7359 | D:9      | Found a roughly hewn altar of Beogh.
  7359 | D:9      | Found a staircase to the Orcish Mines.
  7429 | D:8      | XOM: medium Conj miscast
  7664 | Orc:1    | Entered Level 1 of the Orcish Mines
  7664 | Orc:1    | XOM: harmless Ice miscast
  7802 | Orc:1    | XOM: confusion (+ monsters)
  7826 | D:9      | XOM: noise
  7911 | Orc:1    | Noticed an orc sorcerer
  7915 | Orc:1    | Noticed a rust devil
  7915 | Orc:1    | XOM: cleaving
  7917 | Orc:1    | XOM: fog
  7924 | Orc:1    | Paralysed by an orc sorcerer for 5 turns
  7925 | Orc:1    | HP: 1/107 [orc sorcerer/bolt of fire (25)]
  7926 | Orc:1    | Slain by a rust devil

Levels and vault maps discovered:
D:1:      minmay_arrival_four_houses, layout_basic, chequers_mini_garden
D:2:      cheibrodos_helix_gallery, layout_basic,
          nicolae_overflow_hidden_temple, uniq_robin, uniq_terence
D:3:      layout_basic
D:4:      kennysheep_goblin_castle, layout_loops_ring
D:5:      layout_loops_ring, temple_fountains, first_ration,
          gammafunk_ghost_grave, uniq_eustachio
D:6:      layout_basic, minmay_fire_ice_demons
D:7:      layout_gridville
D:8:      layout_basic, nicolae_dithmenos_the_darkroom
D:9:      layout_loops_corners, david_orc_5
Orc:1:    layout_caves

Skill      XL: |  1  2  3  4  5  6  7  8  9 10 |
---------------+-------------------------------+-----
Unarmed Combat | 4 5 6 7 9 11 13 14 | 14.5
Fighting       | 3 4 5 |  5.9
Dodging        | |  1.9
Evocations     | |  0.1

Action                   |  1- 3 |  4- 6 |  7- 9 | 10-12 || total
-------------------------+-------+-------+-------+-------++-------
Melee: Unarmed           |    77 |   175 |   260 |   156 ||   668
       Kick              |     8 |    46 |    62 |    35 ||   151
       Punch             |       |     2 |     7 |    17 ||    26
Throw: Boomerang         |       |    16 |     1 |       ||    17
Evoke: Wand              |       |       |     1 |       ||     1
  Use: Scroll            |       |     2 |     9 |     9 ||    20
       Potion            |       |       |       |     1 ||     1
 Stab: Sleeping          |     2 |     3 |     4 |       ||     9
  Eat: Chunk             |    13 |    16 |    29 |    18 ||    76
Armor: Robe              |    35 |     6 |       |       ||    41
       Animal skin       |       |    65 |    93 |    66 ||   224
Dodge: Dodged            |    38 |    86 |   120 |    93 ||   337
       Deflected         |       |       |       |     5 ||     5
